 Dungeon Crawl Stone Soup version 0.19.0-20-gbc5f0c6 (webtiles) character file.

62 Minion the Shooter (level 3, 5/29 HPs)
             Began as a Centaur Hunter on Nov 16, 2016.
             Starved to death
             ... while paralysed
             ... on level 2 of the Dungeon.
             The game lasted 00:06:21 (2239 turns).

Minion the Shooter (Centaur Hunter)                 Turns: 2239, Time: 00:06:21

Health: 5/29       AC:  6    Str: 14    XL:     3   Next: 85%
Magic:  3/3        EV:  1    Int: 10    God:
Gold:   107        SH:  0    Dex: 10    Spells: 0 memorised, 2 levels left

rFire  . . .     SeeInvis .     b - +0 short sword
rCold  . . .     Gourm    .     m - +0 scale mail (curse)
rNeg   . . .     Faith    .     (no shield)
rPois  .         Spirit   .     (no helmet)
rElec  .         Reflect  .     (no cloak)
rCorr  .         Harm     .     (no gloves)
MR     .....                    (no barding)
Stlth  ..........               (no amulet)
                                (no ring)
                                (no ring)

@: paralysed, fainting, very quick
A: hooves 3, deformed body, speed 2, tough skin 3
a: no special abilities


You were on level 2 of the Dungeon.
You were fainting.

You visited 1 branch of the dungeon, and saw 3 of its levels.

You collected 107 gold pieces.

Inventory:

Hand Weapons
 a - a +1 shortbow
 b - a +0 short sword (weapon)
Armour
 c - a +0 leather armour
 m - a cursed +0 scale mail (worn)
Scrolls
 h - a scroll of teleportation
Potions
 e - a potion of lignification


   Skills:
 - Level 2.0 Fighting
 + Level 7.3 Bows
 - Level 1.3 Dodging
 - Level 0.4 Stealth


You had 2 spell levels left.
You didn't know any spells.

Dungeon Overview and Level Annotations

Branches:
Dungeon (3/15)

Altars:


Innate Abilities, Weirdness & Mutations

You have hooves in place of feet.
Armour fits poorly on your strangely shaped body.
You cover ground very quickly.
You have extremely tough skin. (AC +3)


Message History

Unknown command.
Unknown command.
Unknown command.
The jackal completely misses you. The jackal barely misses you.
There is a stone staircase leading up here.
The jackal bites you but does no damage. x4
You climb upwards.
There is a stone staircase leading down here.
You closely miss the jackal. The jackal closely misses you.
The jackal bites you but does no damage. x3
The jackal bites you but does no damage. x2
The jackal bites you but does no damage.
You closely miss the jackal.
The jackal bites you but does no damage.
Your scale mail prevents you from hitting the jackal.
Your kick misses the jackal.
You lose consciousness!
The jackal bites you but does no damage. x3
You have starved to death.
You die...

,,,,,,,,,*#.#####.##
#.####.#...
,,,*******###......#
#....#...#. ,,,*
#.....#..# ####.###.#.
,8,** #.#...#..####
#.###.#( ,,,,*
#.####......# #.....#.
,,8,* #........##.#
###.#.#. ,,,,*
####...#.##.######.#...
,,8,*
#.###.##........###.
,,,,*
#.h@#.########..##..
,8,**
###h#.......(#..##..
,,**
#..h#######(........
*,*
#.#...h....>..#....#
*,*
#.##.####.#.#.##.###
,,* #....# #..(#....#
,** ###### ##########
,* ,*


You could see 3 jackals.

Vanquished Creatures
  A worm (D:2)
  A dart slug (D:1)
  3 leopard geckos
  4 orcs
  6 bats
  A giant cockroach (D:1)
  8 goblins
  3 hobgoblins (D:1)
  3 jackals
  5 kobolds
  A ball python (D:1)
  4 frilled lizards (D:1)
  8 rats
48 creatures vanquished.

Notes
Turn   | Place    | Note
-------+----------+-------------------------------------------
     0 | D:1      | Minion the Centaur Hunter began the quest for the Orb.
     0 | D:1      | Reached XP level 1. HP: 17/17 MP: 1/1
   103 | D:1      | Reached XP level 2. HP: 23/24 MP: 2/2
   131 | D:1      | Reached skill level 6 in Bows
   454 | D:1      | Reached XP level 3. HP: 29/29 MP: 3/3
  1207 | D:2      | Reached skill level 7 in Bows
  1313 | D:2      | HP: 1/29 [orc/hand axe (5)]
  1614 | D:2      | Upgraded the game from 0.19.0-19-g8c6edcc to 0.19.0-20-gbc5f0c6
  2106 | D:2      | Paralysed by fainting for 10 turns
  2135 | D:2      | Paralysed by fainting for 6 turns
  2155 | D:2      | Paralysed by fainting for 12 turns
  2212 | D:3      | Paralysed by fainting for 10 turns
  2238 | D:2      | Paralysed by fainting for 7 turns
  2239 | D:2      | Starved to death

Skill      XL: |  1  2  3 |
---------------+----------+-----
Bows           | 6 7 |  7.3
Fighting       | |  2.0
Dodging        | |  1.3
Stealth        | |  0.4

Action                   || total
-------------------------++-------
Melee: Short sword       ||    40
       Kick              ||     5
 Fire: Shortbow          ||   125
  Use: Scroll            ||     4
       Potion            ||     3
Armor: Leather armour    ||     9
       Scale mail        ||    96
Dodge: Dodged            ||    67
